AoeStats
← 2228575683

Arena

507732646Analyzed
3v3 RM · 12d ago on Sep 19, 2026· 85m 51s· 6 players
Game mode
Random Map
Map size
Normal (6 player)
Population
200
Speed
Normal
Resources
Standard
Victory
Conquest
Starting age
Dark Age
Ending age
Imperial Age
RankedLock teamsTeams togetherTeam positionsShared explorationLock speedFull tech treeHidden civsTurbo modeCheats
Victory
Defeat
🇨🇳 Romans · China
912
+15
🇨🇳 Magyars · China
910
+15
🇨🇳 Vietnamese · China
880
+16
🇻🇳 Celts · Vietnam
900
-15
🇻🇳 Wei · Vietnam
891
-16
🇧🇷 Mongols · Brazil
882
-15
victoragro7
2:39 Loom
11:44 Feudal Age
12:44 Double-Bit Axe
17:17 Castle Age
15:56 Horse Collar
16:45 Fletching
16:56 Padded Archer Armor
18:49 Bow Saw
28:08 Bodkin Arrow
35:15 Leather Archer Armor
39:33 Imperial Age
38:18 Ballistics
38:10 Forging
38:06 Scale Barding Armor
37:24 Pikeman
38:54 Arson
39:49 Heavy Cavalry Archer
40:14 Capped Ram
41:33 Masonry
43:43 Parthian Tactics
44:22 Chemistry
44:34 Siege Ram
45:32 Bloodlines
44:42 Light Cavalry
45:25 Bracer
47:46 Hussar
53:51 Caravan
55:11 Fortified Wall
54:57 Murder Holes
55:07 Siege Engineers
54:47 Elite Skirmisher
55:54 Chain Barding Armor
66:27 Heavy Plow
67:04 Iron Casting
66:30 Scale Mail Armor
75:37 Blast Furnace
74:52 Chain Mail Armor
80:08 Husbandry
80:39 Plate Mail Armor
80:12 Squires
Peaky Blinders
2:38 Loom
11:18 Feudal Age
16:21 Castle Age
14:58 Horse Collar
15:06 Double-Bit Axe
29:45 Imperial Age
27:11 Town Watch
27:38 Caravan
28:16 Wheelbarrow
28:07 Fletching
28:17 Padded Archer Armor
28:27 Scale Barding Armor
28:52 Town Patrol
29:50 Hand Cart
30:31 Chain Barding Armor
30:22 Forging
30:17 Heavy Plow
30:36 Bow Saw
31:10 Conscription
30:56 Stone Mining
31:00 Gold Mining
32:06 Caravan
32:11 Husbandry
32:21 Bloodlines
32:41 Tuntian
33:08 Ming Guang Armor
34:14 Iron Casting
33:26 Light Cavalry
36:11 Blast Furnace
36:21 Elite Tiger Cavalry
39:05 Scale Mail Armor
39:06 Padded Archer Armor
38:57 Fletching
40:21 Chain Mail Armor
40:44 Parthian Tactics
40:24 Thumb Ring
41:18 Ballistics
41:58 Chemistry
43:06 Bodkin Arrow
43:27 Leather Archer Armor
66:53 Hussar
67:58 Bracer
68:39 Ring Archer Armor
Katun
11:22 Feudal Age
11:58 Horse Collar
12:05 Double-Bit Axe
18:18 Castle Age
17:06 Gold Mining
17:08 Stone Mining
20:08 Heavy Plow
21:22 Stone Shaft Mining
21:25 Gold Shaft Mining
21:16 Bow Saw
30:27 Imperial Age
30:39 Imperial Age
29:06 Scale Mail Armor
30:19 Chain Mail Armor
30:15 Forging
30:49 Wheelbarrow
31:45 Conscription
32:02 Hand Cart
33:31 Iron Casting
33:27 Plate Mail Armor
32:26 Capped Ram
33:53 Furor Celtica
35:34 Elite Woad Raider
38:30 Blast Furnace
38:01 Plate Mail Armor
44:24 Caravan
49:50 Pikeman
52:40 Halberdier
58:58 Arson
60:00 Onager
63:05 Siege Onager
65:56 Siege Engineers
66:18 Treadmill Crane
69:07 Heavy Scorpion
74:42 Ballistics
Light
11:07 Feudal Age
14:58 Castle Age
13:05 Double-Bit Axe
13:50 Horse Collar
23:04 Bow Saw
22:56 Heavy Plow
25:05 Wheelbarrow
29:27 Imperial Age
27:23 Hand Cart
26:55 Loom
28:14 Scale Mail Armor
28:24 Forging
28:37 Pikeman
29:18 Squires
29:41 Ballistics
29:37 Chain Mail Armor
29:21 Gold Mining
29:24 Stone Mining
30:17 Fortified Wall
30:10 Man-at-Arms
31:59 Iron Casting
31:04 Long Swordsman
31:50 Legionary
34:01 Blast Furnace
33:56 Capped Ram
34:27 Halberdier
35:47 Siege Ram
37:05 Conscription
37:25 Masonry
39:25 Comitatenses
39:47 Gold Shaft Mining
45:43 Guilds
50:20 Murder Holes
50:57 Architecture
59:50 Heavy Scorpion
69:20 Coinage
77:13 Banking
2228575683
0:34 Loom
15:10 Feudal Age
21:40 Castle Age
20:54 Double-Bit Axe
20:52 Horse Collar
25:47 Treadmill Crane
26:01 Stone Mining
29:22 Corvinian Army
36:26 Imperial Age
35:29 Masonry
40:20 Conscription
39:24 Elite Magyar Huszar
42:28 Scale Barding Armor
45:35 Gold Mining
48:31 Hoardings
48:58 Chain Barding Armor
49:31 Husbandry
49:42 Bloodlines
51:21 Wheelbarrow
51:15 Cavalier
56:47 Hand Cart
57:16 Bow Saw
57:59 Gold Shaft Mining
59:27 Hoardings
63:05 Two-Man Saw
61:45 Paladin
68:56 Chain Barding Armor
70:30 Plate Barding Armor
85:13 Caravan
WADS
0:43 Loom
11:05 Feudal Age
19:11 Castle Age
18:05 Double-Bit Axe
18:05 Horse Collar
18:17 Gold Mining
18:27 Stone Mining
18:28 Loom
20:12 Bow Saw
20:04 Heavy Plow
22:25 Wheelbarrow
25:12 Hand Cart
29:48 Imperial Age
27:51 Treadmill Crane
28:22 Fortified Wall
28:39 Padded Archer Armor
28:30 Fletching
28:31 Pikeman
29:12 Squires
28:58 Arson
30:03 Elite Skirmisher
31:50 Chemistry
31:58 Leather Archer Armor
31:38 Bodkin Arrow
32:19 Ballistics
33:17 Ring Archer Armor
33:07 Imperial Skirmisher
35:37 Two-Man Saw
35:11 Crop Rotation
35:11 Heated Shot
36:21 Chemistry
36:15 Bracer
39:08 Chemistry
38:36 Paper Money
38:53 Hoardings
42:23 Guilds
42:44 Coinage
42:27 Halberdier
43:10 Scale Mail Armor
43:20 Forging
45:57 Chain Mail Armor
46:17 Iron Casting
53:05 Banking
Connection lost

Rejoining the realm…

Still unreachable

The connection could not be restored.

Session expired

The server has moved on; the page needs a fresh start.